Workbook
Name Listado: #REF!

Sheet Proponentes
A1: ALCALDIA DE CHINCHINA
A2: OFICINA DE PLANEACION E INFRAESTRUCTURA
A3: PROCESO DE SELECCIÓN MC-007-2024
A5: Objetivo: "CONTRATAR LA REHABILITACIÓN DE LA INFRAESTRUCTURA VIAL A TRAVÉS DE LA REMOCIÓN DE DERRUMBES, PERFILADO DE TALUDES, RETIRO DE MATERIAL, CAPA VEGETAL Y ESCOMBROS, Y DEMÁS ACTIVIDADES QUE SE REQUIERAN PARA LA ATENCIÓN DE EMERGENCIAS DE MANERA INMEDIATA EN EL MUNICIPIO DE CHINCHINÁ"
B6: VALOR PRESUPUESTO OFICIAL $39,858,000
B7: PLAZO: suscripción del acta de inicio y hasta el 31 de diciembre de 2025 o hasta agotar monto
A9: LISTADO DE PROPONENTES
A11: Proponente | B11: Nombre | C11: VALOR OFERTA ECONOMICA
A12: 1 | B12: GOMPRO INGENIERIA SAS | C12: 39858000
A13: 2 | B13: EDIFICANDO INGENIEROS SAS | C13: 39858000

Sheet CAPACIDAD TECNICA
A3: =+Proponentes!A5 -> Objetivo: "CONTRATAR LA REHABILITACIÓN DE LA INFRAESTRUCTURA VIAL A TRAVÉS DE LA REMOCIÓN DE DERRUMBES, PERFILADO DE TALUDES, RETIRO DE MATERIAL, CAPA VEGETAL Y ESCOMBROS, Y DEMÁS ACTIVIDADES QUE SE REQUIERAN PARA LA ATENCIÓN DE EMERGENCIAS DE MANERA INMEDIATA EN EL MUNICIPIO DE CHINCHINÁ"
C4: 1423500 | E4: 39858000 | F4: =E4/C4 -> 28
A5: REQUISITOS HABILITANTES EXPERIENCIA GENERAL EXPECIFICA
A6: Proponente | B6: Nombre del proponente | C6: PO 28 smmlv
C7: Experiencia General | J7: Experiencia Especifica
C8: Experiencia general con máximo seis (06) contratos REMOCIÓN DE DERRUMBES O MOVIMIENTO DE TIERRAS | D8: VALOR CONTRATO igual o mayor de 30,66 SMMLV | E8: OBSERVACION | F8: Resultado (cumple /no cumple) | G8: Máximo 5 contratos relacionados | H8: Sumatoria de valores en SMMLV mayor o igual al PO | I8: FORMATO EXPERIENCIA | J8: Experiencia especifical con un contrato que contenga El valor ejecutado del ítem de remoción de derrumbes de uno de los contratos debe corresponder como mínimo del 50 % del presupuesto oficial | K8: VALOR CONTRATO igual o mayor de 14 SMMLV (50%) | L8: Resultado (cumple /no cumple)
A10: =Proponentes!A13 -> 2 | B10: =Proponentes!B13 -> EDIFICANDO INGENIEROS SAS | C10: Contrato 2148 DE 2019, participacion 100% EDIFICANDO INGENIEROS SAS | D10: =755964673.29/C4 -> 531.06054 | E10: verificado en la experiencia aportada, Sin embargo no aporta certificados de experiencia y/o acta de liquidacion y/o acta de recibo o algun documento que permita verificar EL PROPONENTE DEBE SUBSANAR | F10: NO CUMPLE | G10: =C10 -> Contrato 2148 DE 2019, participacion 100% EDIFICANDO INGENIEROS SAS | H10: =D10 -> 531.06054 | I10: PRESENTA | J10: =G10 -> Contrato 2148 DE 2019, participacion 100% EDIFICANDO INGENIEROS SAS | K10: =(755964673.29/C4)*0.5 -> 265.53027 | L10: NO CUMPLE
B14: JORGE JOAM CASTAÑEDA DUQUE
B15: JEFE OFICINA DE INFRAESTRUCTURA
B17: ORIGINAL FIRMADO

Sheet Copia de Capacidad Técnica
B1: GOBERNACION DE CALDAS
B2: SECRETARÍA DE VIVIENDA Y TERRITORIO
B3: =Proponentes!A3 -> PROCESO DE SELECCIÓN MC-007-2024
B5: REQUISITOS HABILITANTES CAPACIDAD TÉCNICA - CAPACIDAD RESIDUAL - ORGANIZACIÓN TÉCNICA
B6: Proponente | C6: Nombre del proponente | D6: EXPERIENCIA | N6: OBSERVACIONES - Documentos a subsanar | O6: Certificación para organización técnica: Equipo Mínimo | P6: ANEXO 12. FACTOR TECNICO | Q6: APOYO A LA INDUSTRIA NACIONAL | R6: PERSONAL CON DISCAPACIDAD | S6: QUIEN APORTA EL CERTIFICADO DE PERSONAL DISCAPACITADO | T6: DEL PROPONENTE PLURAL QUE APORTA EL CERTIFICADO
D7: General | I7: Específica
D8: Experiencia en máximo 3 contratos clasificados 72141100 | E8: VALOR CONTRATO EN SMMLV | F8: OBSERVACION | G8: Sumatoria. (se requiere mínimo 1164.25 SMMLV) | H8: Resultado (cumple /no cumple) | I8: Máximo 3 contratos de obras de construcción y/u optimización y/o mejoramiento de sistemas de alcantarillado | J8: Sumatoria de valores en SMMLV mayor o igual al PO | K8: Mínimo 1200 ml en Instalación de tubería de alcantarillado igual o superior a 10" | L8: OBSERVACIÓN | M8: Resultado (cumple /no cumple) | T8: 40% EXPERIENCIA GENERAL- 465.7 SMMLV | U8: 40% EXPERIENCIA ESPECIFICA- 465.7 SMMLV | V8: 40% EXPERIENCIA ESPECIFICA- (TUBERIA) - 480 ML
B9: 1 | C9: =+Proponentes!B12 -> GOMPRO INGENIERIA SAS | D9: ADRIAN RODRIGO CABEZAS RUP 61 Empresas publicas de Palermo | E9: 3022.71 | F9: 99% DE PARTICIPACION | G9: =E9+E11 -> 3612.11 | H9: CUMPLE | I9: ADRIAN RODRIGO CABEZAS RUP 61 Empresas publicas de Palermo | J9: =E9 -> 3022.71 | K9: =171.3+1371.43+939.81+94.4+325.64+12 -> 2914.58 | M9: CUMPLE | O9: CUMPLE | P9: CUMPLE | Q9: CUMPLE | R9: NO PRESENTÓ CERTIFICADO DEL MINISTERIO DEL TRABAJO | S9: ADRIAN RODRIGO CABEZAS PEÑA
I10: ADRIAN RODRIGO CABEZAS RUP 02 Empresas publicas de Neiva 10% | J10: =653.09 -> 653.09 | K10: =(5138.95+952+325.68+87)*0.1 -> 650.363
D11: RAEL EDUARDO GARCIA GALINDO RUP 02 Empresas publcas de Neiva | E11: 589.4 | F11: 1 | I11: RAEL EDUARDO GARCIA GALINDO RUP 02 Empresas publcas de Neiva | J11: =E11 -> 589.4 | K11: =(205+88.3+68.4) -> 361.7
B12: 2 | C12: =+Proponentes!#REF! -> #REF! | D12: consorcio construcciones civiles- unidad nacional para la gestión del riesfo de desastre - RUP 27 sanchez galvez juan carlos | E12: 3529 | F12: 50% DE PARTICIPACION | G12: =E12+E13+E14 -> 11161.63 | H12: CUMPLE | I12: MEJORAMIENTO DE REDES ALCANTARILLADO FASE II EN EL MUNICIPIO DE SAN JOSE -GOBERNACION DE CALDAS RUP 04- PORCENTAJE DE PARTICIPACION 50% SANCHEZ GALVEZ JUAN CARLOS | J12: =381.13*0.5 -> 190.565 | K12: =259.2*0.5 -> 129.6 | L12: PRESENTA CERTIFICADOS Y ACTA DE RECIBO FINAL Y ACTAS DE LIQUIDACION | M12: CUMPLE | O12: CUMPLE | P12: CUMPLE | Q12: CUMPLE | R12: NO CUMPLE | S12: MARCO JAVIER GARCIA SILVA | T12: NO CUMPLE | U12: CUMPLE | V12: CUMPLE
D13: SANCHEZ GALVEZ JUAN CARLOS - FIDUPREVIOSRA S.A. FONDO NACIONAL DE CALAMIDADES - RUP 28 | E13: 6361 | F13: 100% DE PARTICIPACION | I13: CONSTRUCCION PRIMERA ETAPA DESCOLE ALCANTARILLADO COMBINADO CORREGIMIENTO DE JOSE MARIA HERNANDEZ MUNICIPIO DE PUPIALES RUP 26 -PORCENTAJE DE PARTICIPACION 35% SANCHEZ GALVEZ JUAN CARLOS | J13: =1484.21*0.35 -> 519.4735 | K13: =1494*0.35 -> 522.9
D14: SANCHEZ GALVEZ JUAN CARLOS - FIDUPREVIOSRA S.A. FONDO NACIONAL DE CALAMIDADES - RUP 29 | E14: 1271.63 | F14: 100% DE PARTICIPACION | I14: CONSTRUCION ULTIMO TRAMO DEL SISTEMA DE ALCANTARILLADO DEL CASCO URBANO DE BELALCAZAR - MUNICIPIO DE PAEZ CAUCA RUP 26 - GAVIRIA SILVA MARCO JAVIER | J14: 915 | K14: 1130
B15: 3 | C15: =+#REF! -> #REF! | D15: Carlos Alberto Ceballos RUP 22. Aguas de Manizales | E15: 643.59 | F15: OK | G15: =SUM(E15:E17) -> 3174.03 | H15: CUMPLE | I15: Carlos Alberto Ceballos RUP 22. Aguas de Manizales | J15: 643.59 | K15: 97.3 | M15: CUMPLE | O15: CUMPLE | P15: CUMPLE | Q15: CUMPLE | R15: CUMPLE
D16: Carlos Alberto Ceballos RUP 37. Empocaldas | E16: 436.79 | F16: OK | I16: Carlos Alberto Ceballos RUP 37. Empocaldas | J16: 436.79 | K16: 586.8
D17: Alvaro Jaramillo Sierra RUP 19. Aguas de Manizales | E17: 2093.65 | F17: OK | I17: Alvaro Jaramillo Sierra RUP 19. Aguas de Manizales | J17: 2093.65 | K17: 1239.14
B18: 4 | C18: =+#REF! -> #REF! | D18: EDGAR ADOLFO HOYOS GARCIA- RUP 001-AREA METROPOLITANA DEL VALLE DE ABURRA | E18: 6001 | F18: 100% PARTICIPACION | G18: =E18+E19+E20 -> 14934.705 | H18: CUMPLE | I18: EDGAR ADOLFO HOYOS GARCIA- RUP 001-AREA METROPOLITANA DEL VALLE DE ABURRA | J18: 6001 | L18: EL OBJETO DEL CONTRATO NO CORRESPONDE A LO SOLICITADO EN LOS PLIEGOS | M18: NO CUMPLE | N18: LOS OBJETOS DE LOS CONTRATOS NO CORRESPONEDN | O18: NO CUMPLE | P18: CUMPLE | Q18: CUMPLE | R18: NO SE EVALUA | S18: NO SE EVALUA | T18: NO SE EVALUA | U18: NO SE EVALUA | V18: NO SE EVALUA
D19: EDGAR ADOLFO HOYOS GARCIA- RUP 022- MUNICIPIO DE ARAUCA | E19: =5196.06*0.9 -> 4676.454 | F19: 90% PARTICIPACION | I19: EDGAR ADOLFO HOYOS GARCIA- RUP 022- MUNICIPIO DE ARAUCA | J19: =5196.06*0.9 -> 4676.454 | L19: EL OBJETO DEL CONTRATO NO CORRESPONDE A LO SOLICITADO EN LOS PLIEGOS | N19: LOS OBJETOS DE LOS CONTRATOS NO CORRESPONEDN
D20: EDGAR ADOLFO HOYOS GARCIA- RUP 63-AREA METROPOLITANA DEL VALLE DE ABURRA | E20: =8347.55*0.51 -> 4257.2505 | F20: 51% PARTICIPACION | I20: EDGAR ADOLFO HOYOS GARCIA- RUP 63-AREA METROPOLITANA DEL VALLE DE ABURRA | J20: =8347.55*0.51 -> 4257.2505 | L20: EL OBJETO DEL CONTRATO NO CORRESPONDE A LO SOLICITADO EN LOS PLIEGOS | N20: LOS OBJETOS DE LOS CONTRATOS NO CORRESPONEDN
B21: 5 | C21: =+#REF! -> #REF! | D21: Consorcio M RUP 73. Empocaldas | E21: =1193.45*0.75 -> 895.0875 | F21: 75% participación | G21: =SUM(E21:E23) -> 2300.0875 | H21: CUMPLE | I21: Consorcio M RUP 72. Empocaldas | J21: =1986.02*0.75*0 -> 0 | K21: =(90.8+68.3+67.6+125.7+78.2+30.6+59+34.8+45+84.3+89.6+82+64.83+147.9+72.7+71.4+73+97.8+74.1+267.5+122.1)*0 -> 0 | L21: Presenta acta de recibo final. Subsanar acta de liquidación | M21: SUBSANAR | N21: Actas de liquidación | O21: CUMPLE | P21: CUMPLE | Q21: CUMPLE | R21: NO PRESENTÓ CERTIFICADO DEL MINISTERIO DEL TRABAJO | S21: NA | T21: NA | U21: NA | V21: NA
D22: Andres Marin Marmolejo RUP 002. Aguas de Manizales | E22: =252 -> 252 | F22: 100% participación | I22: Consorcio M RUP 73. Empocaldas | J22: =1193.45*0.75*0 -> 0
D23: Andres Marin Marmolejo RUP 003. Emsirva ESP | E23: =1153 -> 1153 | F23: 100% participación | I23: Andres Marin Marmolejo RUP 001. Aguas de Manizales | J23: =112*0 -> 0 | K23: 0 | L23: Subsanar acta de liquidación C145-2000. | M23: SUBSANAR
B24: 6 | C24: =+#REF! -> #REF! | D24: RUP 16 100% GOBERNACION DE CALDAS | E24: 1968.55 | F24: 1 | G24: =E24 -> 1968.55 | H24: CUMPLE | I24: MEJORAMIENTO REDES DE ALCANTARILLADO DEL MUNICIPIO DE NEIRA RUP 16 100% | J24: =G24 -> 1968.55 | K24: =355.7+616.45+102.4+218.15+182.95+130.7 -> 1606.35 | M24: CUMPLE | O24: CUMPLE | P24: CUMPLE | Q24: CUMPLE | R24: CUMPLE | S24: =C24 -> #REF!
B26: 7 | C26: =+#REF! -> #REF! | D26: UT ROVIRA SAN PEDRO, CONTRATISTA FONADE - RUP 5- | E26: 1800 | F26: 0.25 | G26: =(1800*0.25)+(4184*0.5) -> 2542 | H26: CUMPLE | I26: CONSORCIO ALIANZA CARIBE- CONTRATISTA EMPRESA DE SERVICIOS PUBLICOS DE COVEÑAS -AGUAS DEL GOLFO - RUP 12 - PARTICIPACION 50% | J26: =6234*0.5 -> 3117 | K26: =1416*0.5 -> 708 | L26: PRESENTA CERTIFICADO Y ACTA DE LIQUIDACION. NO CUMPLE CON LAS CANTIDADES DE TUBERIA INSTALADA | M26: NO CUMPLE | O26: CUMPLE | P26: CUMPLE | Q26: CUMPLE | R26: CUMPLE | S26: CARLOS VERGARA NEGRETTE | T26: CUMPLE | U26: CUMPLE | V26: CUMPLE
D27: CONSORCIO GOLFO 2007- CONTRATISTA EPRESA DE SERVICIOS PUBLICOS DE COVEÑAS -AGUA DEL GOLFO | E27: 4184 | F27: 0.5
B29: 8 | C29: =+#REF! -> #REF! | D29: RUP 26. EMPRESAS PUBLICAS DE NEIVA ESP | E29: 70.71 | F29: OK | G29: =SUM(E29:E31) -> 1658.07 | H29: CUMPLE | I29: RUP 29. EMPRESAS PUBLICAS DE NEIVA ESP | J29: 738.53 | K29: =247+148+50+20+6 -> 471 | L29: COMPLETO | M29: CUMPLE | O29: CUMPLE | P29: CUMPLE | Q29: CUMPLE | R29: CUMPLE
D30: RUP 45. EPN | E30: 1587.36 | F30: OK | I30: RUP 47. EPN | J30: 749.03 | K30: =109+44.08+54.5+33+90.9+150.7 -> 482.18 | L30: COMPLETO
I31: RUP 6. EMPRESAS PUBLICAS DE NEIVA E.S.P. | J31: 313.8 | K31: =173+192.2 -> 365.2 | L31: COMPLETO
B32: 9 | C32: =+#REF! -> #REF! | D32: RUP 54- FIDUCIARIA BOGOTA SA | E32: =17699.04*0.3 -> 5309.712 | F32: 30% PARTICIPACION | G32: =E32+E33 -> 9466.689 | H32: CUMPLE | I32: RUP 18 - EMPRESAS PUBLICAS DE NEIVA SA ESP | J32: 3227 | K32: 780 | L32: OK | M32: CUMPLE | O32: CUMPLE | P32: CUMPLE | Q32: CUMPLE | R32: NO CUMPLE (no certifica el número total de trabajadores vinculados a la planta) | S32: NO SE EVALUA POR NO CUMPLIR CON EL CERTIFICADO DEL NUMERO TOTAL DE TRABAJADORES | T32: NO SE EVALUA POR NO CUMPLIR CON EL CERTIFICADO DEL NUMERO TOTAL DE TRABAJADORES | U32: NO SE EVALUA POR NO CUMPLIR CON EL CERTIFICADO DEL NUMERO TOTAL DE TRABAJADORES | V32: NO SE EVALUA POR NO CUMPLIR CON EL CERTIFICADO DEL NUMERO TOTAL DE TRABAJADORES | W32: EL PROPONENTE ADJUNTA CERTIFICADO QUE TIENE EL 10% DE PERSONAL DISCAPACITADO PERO NO EL NUMERO TOTAL DE TRABAJADORES
D33: RUP 62- GOBERNACION DEL HUILA | E33: =13856.59*0.3 -> 4156.977 | F33: 30% PARTICIPACION. RUP 62 | I33: RUP 22 - EMPRESAS PUBLICAS DE NEIVA | J33: 583 | K33: 249 | L33: OK
I34: RUP 93 - AGUAS DEL HUILA SA ESP - 50% PARTICIPACION | J34: =1466*0.5 -> 733 | K34: =(1215.78+117.1+98.35)*0.5 -> 715.615 | L34: OK
B35: 10 | C35: =+#REF! -> #REF! | D35: Consorcio Vivienda gratuita Pisba 2013. RUP 196. | E35: =2990.65*0.5 -> 1495.325 | F35: 50% participación | G35: =SUM(E35:E37) -> 1495.325 | H35: CUMPLE | I35: Pedro José Corredor RUP 59. Municipio de Tunja. | J35: =141.14*0 -> 0 | K35: =(77.36+189.7)*0 -> 0 | L35: Presenta contrato de obra, acta de recibo de obra, acta de liquidación. Debe subsanar certificación expedida por la entidad contratante. | M35: SUBSANAR | N35: Certificación expedida por la entidad contratante (Municipio de Tunja). | O35: CUMPLE | P35: CUMPLE | Q35: CUMPLE | R35: NO CUMPLE (no certifica el número total de trabajadores vinculados a la planta) | S35: NA | T35: NA | U35: NA | V35: NA | W35: EL PROPONENTE ADJUNTA CERTIFICADO QUE TIENE EL 10% DE PERSONAL DISCAPACITADO PERO NO EL NUMERO TOTAL DE TRABAJADORES
I36: Pedro José Corredor RUP 97. Municipio de La Capilla. | J36: 460.78 | K36: 440 | L36: OK | M36: CUMPLE PARCIALMENTE
I37: INGTEC LTDA RUP 008. Municipio de Pisba. | J37: =3391.78*0 -> 0 | K37: =(1000+1108.2+420.2+213.1+528)*0 -> 0 | L37: Presenta acta de iniciación, acta de recibo final y acta de liquidación final. Subsanar certificación expedida por la entidad. | M37: SUBSANAR | N37: Certificación expedida por la entidad contratante (Municipio de Pisba).
B38: 11 | C38: =+#REF! -> #REF! | D38: RUP 04 EMPOCALDAS 100% | E38: 3005.96 | F38: OK | G38: =E38+E39+E40 -> 5910.672 | H38: CUMPLE | I38: RUP 04 EMPOCALDAS PALESTINA 100% | J38: =E38 -> 3005.96 | K38: =442.4+204.1+272.5 -> 919 | L38: ok | M38: CUMPLE | O38: CUMPLE | P38: CUMPLE | Q38: CUMPLE | R38: CUMPLE | S38: =C38 -> #REF!
D39: RUP 94 EMPOCALDAS 50% | E39: =4653.36*0.5 -> 2326.68 | F39: OK | I39: RUP 94 EMPOCALDAS AGUADAS 50% | J39: =E39*0.5 -> 1163.34 | K39: =(45+144.5+1191.6)*0.5 -> 690.55 | L39: ok
D40: RUP 99 EMPOCALDAS 80% | E40: =722.54*0.8 -> 578.032 | F40: OK | I40: RUP 99 EMPOCALDAS SALAMINA 80% | J40: =E40*0.8 -> 462.4256 | K40: =(1123.83+96.5+201.6)*0.8 -> 1137.544 | L40: ok
B41: 12 | C41: =+#REF! -> #REF! | D41: RUP 04 CONSORCIO FG - CONTRATANTE EMPOCALDAS | E41: 1037.59 | G41: =E41+E42+E43 -> 2193.27 | H41: CUMPLE | I41: RUP 04 CONSORCIO FG - CONTRATANTE EMPOCALDAS | J41: =1037.59+625.93+529.75 -> 2193.27 | K41: =53.2+116.5+242+54+548.9+342.1 -> 1356.7 | L41: PRESENTA CERTIFICADOS Y ACTAS DE LIQUIDACIÓN | M41: CUMPLE | O41: CUMPLE | P41: CUMPLE | Q41: CUMPLE | R41: CUMPLE | S41: FEDERICO ESTRADA JARAMILLO | T41: CUMPLE | U41: CUMPLE | V41: CUMPLE
D42: FEDERICO ESTRADA JARAMILLO - CONTRATANTE EMPOCALDAS- RUP 025 | E42: 625.93 | I42: FEDERICO ESTRADA JARAMILLO - CONTRATANTE EMPOCALDAS- RUP 025
D43: FEDERICO ESTRADA JARAMILLO - CONTRATANTE EMPOCALDAS- RUP 025 | E43: 529.75 | I43: FEDERICO ESTRADA JARAMILLO - CONTRATANTE EMPOCALDAS- RUP 025
B44: 13 | C44: =+#REF! -> #REF! | D44: Jaime Alberto Galán. RUP 74. Gobernación de Santander 80% | E44: =0.8*7416.97 -> 5933.576 | F44: OK | G44: =E44 -> 5933.576 | H44: CUMPLE | I44: Jaime Alberto Galán. RUP 74. Gobernación de Santander 80% | J44: =0.8*7416.97 -> 5933.576 | K44: =(12+399.11+456.24+468.3+211+102.76+171.86+56.01+56.59+46.8)*0.8 -> 1584.536 | L44: COMPLETO | M44: CUMPLE | O44: CUMPLE | P44: CUMPLE | Q44: CUMPLE | R44: CUMPLE
B47: 14 | C47: =+#REF! -> #REF! | D47: RUP158 EMPRESAS PUBLICAS DE NEIVA ESP | E47: =10796.46*0.5 -> 5398.23 | F47: 50% PARTICIPACION | G47: =E47+E48 -> 8271.665 | H47: CUMPLE | I47: =D47 -> RUP158 EMPRESAS PUBLICAS DE NEIVA ESP | J47: =E47 -> 5398.23 | K47: =(969+119+8602)*0.5 -> 4845 | L47: OK | M47: CUMPLE | N47: OK | O47: CUMPLE | P47: CUMPLE | Q47: CUMPLE | R47: CUMPLE | S47: =C47 -> #REF! | T47: =R47 -> CUMPLE | U47: =R47 -> CUMPLE | V47: =R47 -> CUMPLE
D48: RUP 129 - AGUAS DEL HUILA S.A ESP | E48: =5746.87*0.5 -> 2873.435 | F48: 50% PARTICIPACION | I48: =D48 -> RUP 129 - AGUAS DEL HUILA S.A ESP | J48: =E48 -> 2873.435 | K48: =(2476+1309+557+217+307+147)*0.5 -> 2506.5 | L48: OK | N48: OK
B50: 15 | C50: =+#REF! -> #REF! | D50: Consorcio América RUP 1. Aguas y Aguas de Pereira | E50: =2257.82*0.45 -> 1016.019 | F50: 45% participación | G50: =SUM(E50:E52) -> 2089.959 | H50: CUMPLE | I50: Consorcio América RUP 1. Aguas y Aguas de Pereira | J50: =2257.82*0.45*0 -> 0 | K50: =(21.4+230.2)*0 -> 0 | L50: Presenta certificación y acta parcial No. 7. Debe subsanar acta de liquidación expedida por la entidad con la cantidad total ejecutada. | M50: SUBSANAR | N50: Acta de liquidación expedida por la entidad contratante. | O50: CUMPLE | P50: CUMPLE | Q50: CUMPLE | R50: NO REPORTÓ DISCAPACITADOS EN LA NÓMINA | S50: NA | T50: NA | U50: NA | V50: NA
D51: Consorcio Construcciones civiles 4 RUP 047. Fiduciaria Bogotá S.A. | E51: =1484.2*0.35 -> 519.47 | F51: 35% participación | I51: Consorcio Construcciones civiles 4 RUP 047. Fiduciaria Bogotá S.A. | J51: =1484.2*0.35*0 -> 0 | K51: 0 | L51: Presenta certificación y acta de liquidación, ésta última no legible. | M51: SUBSANAR | N51: Acta de liquidación legible.
D52: Carlos Hernán Arias Betancourth RUP 2. Administradora pública cooperativa de municipios y entidades estatales | E52: 554.47 | I52: Carlos Hernán Arias Betancourth RUP 2. Administradora pública cooperativa de municipios y entidades estatales | J52: =554.47*0 -> 0 | K52: =(2057.18+421.6+36)*0 -> 0 | L52: Presenta certificación, comprobante de egreso y acta final de obra. No presenta acta de liquidación. | M52: SUBSANAR | N52: Acta de liquidación expedida por la entidad contratante.
B53: 16 | C53: =+#REF! -> #REF! | D53: RUP 11 L.R AMBIENTAL SAS - AGUA DE MANIZALES | E53: 975.4 | F53: 100% participación | G53: =SUM(E53:E55) -> 1474.925 | H53: CUMPLE | I53: HECTOR JAIME GIRALDO NO APORTA RUP PARA VERIFICACION INFORMACION | J53: 202.45 | K53: =900+360 -> 1260 | L53: APORTA CERTIFICACION Y ACTA DE LIQUIDACON CONTRATO CON EMPOCALDAS - MANIZALES | M53: SUBSANAR | N53: NO PRESENTA RUP HECTOR JAIME GIRALDO | O53: CUMPLE | P53: CUMPLE | Q53: CUMPLE | R53: NO CUMPLE- LR AMBIENTAL NO APORTA EXPERIENCIA ESPECIFICA | S53: LR AMBIENTAL SAS | T53: CUMPLE | U53: NO CUMPLE | V53: NO CUMPLE
D54: RUP 65 L.R AMBIENTAL SAS - EMPOCALDAS | E54: =999.05*0.5 -> 499.525 | F54: 50% participación | I54: HECTOR JAIME GIRALDO NO APORTA RUP PARA VERIFICACION INFORMACION | J54: 2439.34 | K54: APORTA TUBERIA EN CONCRETO | L54: APORTA CERTIFICACION DE CONTRATO CON MUNICIPIO DE PENSILVANIA. NO APORTA ACTA DE LIQUIDACION
I55: HECTOR JAIME GIRALDO NO APORTA RUP PARA VERIFICACION INFORMACION | J55: 587.16 | K55: =89.8+71+96+24+114+78 -> 472.8 | L55: APORTA CERTIFICACION CONTRATO CON EMPOCALDAS AGUADAS - NEIRA Y SALAMINA NO APORTA ACTA DE LIQUIDACION
B56: 17 | C56: =+#REF! -> #REF! | D56: CONSTRUCIONES Y DISEÑOS ATC SAS- CONTRATANTE EMPRESAS PULICAS DE NEIVA ESP- RUP 014 | E56: 445.72 | G56: =E56+E57 -> 2229.51 | H56: CUMPLE | I56: CONSTRUCCIONES Y DISEÑOS ATC SAS - CONTRATANTE EMPRESAS PUBLICAS DE AIPE EPA S.A. ESP- RUP 002 | J56: 6467.82 | K56: =656.65+128.9+280.4+386+280 -> 1731.95 | L56: ANEXA CERTIFICACIÓN, ACTA DE RECIBO FINAL Y ACTA DE LIQUIDACION | M56: CUMPLE | O56: CUMPLE | P56: CUMPLE | Q56: CUMPLE | R56: CUMPLE | S56: CONSTRUCCIONES ATC SAS | T56: CUMPLE | U56: CUMPLE | V56: CUMPLE
D57: CONSORCIO DIFECON - CONTRATANTE EMPRESAS PUBLICAS DE NEIVA -RUP 030 | E57: 1783.79 | F57: 50% DE PARTICIPACION
B59: 18 | C59: =+#REF! -> #REF! | D59: Alfonso Orozco Martínez. RUP 16. EMDUPAR S.A. | E59: 6035.56 | F59: OK | G59: =SUM(E59:E61) -> 6943.9 | H59: CUMPLE | I59: Alfonso Orozco Martínez. RUP 16. EMDUPAR S.A. | J59: 6035.56 | K59: =858.2+168 -> 1026.2 | L59: El objeto corresponde a la construcción de un PTAR | M59: CUMPLE | O59: CUMPLE | P59: CUMPLE | Q59: CUMPLE | R59: PENDIENTE SI SUBSANA EXPERIENCIA CONTRATO CON MUNICIPIO DE SAN MARTÍN
D60: Jose Alfonso Moron Quiroz. RUP 11. :EMBAJADA DE LOS ESTADOS UNIDOS DE AMERICA | E60: 798.77 | F60: OK | I60: Jose Alfonso Moron Quiroz. RUP 11. EMBAJADA DE LOS ESTADOS UNIDOS DE AMERICA | J60: 798.77 | K60: 300
D61: Jose Alfonso Moron Quiroz. RUP 23. Municipio de La Paz | E61: 109.57 | F61: NO CUMPLE. El consecutivo relacionado no está inscrito en el código solicitado | I61: Jose Alfonso Moron Quiroz. RUP 23. Municipio de La Paz | J61: 109.57 | K61: =189+32.5 -> 221.5 | L61: El certificado relacionado parece pertenecer al consecutivo No. 66 del RUP Municipio de San Martín de Los Llanos. No presenta certificado de ejecución contractual. | N61: Adjuntar certificado del contrato. Validar la información del consecutivo del RUP en el formato 11, para experiencia específica
B62: 19 | C62: =+#REF! -> #REF! | D62: CM INGENIERIA -RUP 18- EMPRESAS PUBLICAS DE NEIVA | E62: =4349.17 -> 4349.17 | F62: 100% PARTICIPACION | G62: =E62+E63 -> 5498.546 | H62: CUMPLE | I62: =D62 -> CM INGENIERIA -RUP 18- EMPRESAS PUBLICAS DE NEIVA | J62: =E62 -> 4349.17 | K62: =1399.78+397.95+216.4+272.25 -> 2286.38 | L62: OK | M62: CUMPLE | N62: OK | O62: CUMPLE | P62: CUMPLE | Q62: CUMPLE | R62: NO CUMPLE (no certifica el número total de trabajadores vinculados a la planta) | S62: NO SE EVALUA POR NO CUMPLIR CON EL CERTIFICADO DEL NUMERO TOTAL DE TRABAJADORES | T62: NO SE EVALUA POR NO CUMPLIR CON EL CERTIFICADO DEL NUMERO TOTAL DE TRABAJADORES | U62: NO SE EVALUA POR NO CUMPLIR CON EL CERTIFICADO DEL NUMERO TOTAL DE TRABAJADORES | V62: NO SE EVALUA POR NO CUMPLIR CON EL CERTIFICADO DEL NUMERO TOTAL DE TRABAJADORES | W62: CERTIFICA EL PROPONENTE SEINGECOL SAS QUE TIENE EL 10% DE PERSONAL CON DISCAPACIDAD PERO NO EL NUMERO DE TRABAJADORES
D63: SEINGECOL SAS - RUP 64- SOCIEDAD DE ACUEDUCTOS, ALCANTARILLADOS Y ASEO AGUAS DEL HUILA | E63: =5746.88*0.2 -> 1149.376 | F63: 20% PARTICIPACION | I63: =D63 -> SEINGECOL SAS - RUP 64- SOCIEDAD DE ACUEDUCTOS, ALCANTARILLADOS Y ASEO AGUAS DEL HUILA | J63: =E63 -> 1149.376 | K63: =(2476+1309+557+217+307+147)*0.2 -> 1002.6 | L63: OK | N63: OK
B65: 20 | C65: =+#REF! -> #REF! | D65: Vanegas ingenieros RUP 87. Unidad de servicios penitenciarios y carcelarios. | E65: 1579.37 | F65: 100% participación | G65: =SUM(E65:E67) -> 1579.37 | H65: CUMPLE | I65: Cooperativa nacional para la administración, gestión y desarrollo de entidades territoriales, CONGETER LTDA. RUP 044. Municipio de La Mesa. | J65: 7033.84 | K65: =523+1086+362+228+476+520 -> 3195 | L65: Presenta certificación y acta de liquidación. | M65: CUMPLE | O65: CUMPLE | P65: CUMPLE | Q65: CUMPLE | R65: NO CUMPLE | S65: VANEGAS INGENIEROS SAS | T65: =E65 -> 1579.37 | U65: CONGETER LTDA NO CUMPLE | V65: CONGETER LTDA NO CUMPLE
B68: 21 | C68: =+#REF! -> #REF! | D68: RUP 11 Reposición redes de alcantarillado barriios Alfonso Lopez y Terrón Colorado de la ciudad de Cali | E68: 1216.96 | F68: OK | G68: =SUM(E68:E70) -> 3027.33 | H68: CUMPLE | M68: CUMPLE | O68: CUMPLE | P68: CUMPLE | Q68: CUMPLE | R68: NO CUMPLE( En el certificado no crtifica el numero total de trabajadores vinculados a la planta) | S68: N/A | T68: N/A | U68: N/A | V68: N/A
D69: RUP 48 CONSTRUCCION DE LOS ACUEDUCTOS DE MECAYA, SENCELLA, PUERTO OSPINA Y LAS PLANTAS DE TRATAMIENTO DE PIÑUÑA NEGRO Y LA TAGUA | E69: 0 | F69: NO CUMPLE CON EL OBJETO
D70: RUP 42 MEJORAMIENTO DEL ENTORNO: AMPLIACION RED DE ALCANTARILLADO MUNICIPIO VALLE DEL GUAMEZ | E70: 1810.37 | F70: OK | I70: RUP 42 MEJORAMIENTO DEL ENTORNO: AMPLIACION RED DE ALCANTARILLADO MUNICIPIO VALLE DEL GUAMEZ | J70: =E70 -> 1810.37 | K70: =622+788+1140+924 -> 3474 | L70: OK
B71: 22 | C71: =+#REF! -> #REF! | D71: RUP 001 HESUS GERMAN VILLEGAS ESTRADA CONTRATANTE MUNICIPIO DE MANIZALES | E71: 8142.54 | G71: =E71+E72+E73+E74 -> 9738.9 | H71: CUMPLE | I71: RUP 046 -JESUS GERMAN VILLEGAS ESTRADA CONTRATANTE MUNICIPIO DE RIOSUCIO | J71: 789.98 | K71: =130+130+363+190+40+30+260 -> 1143 | L71: PRESENTA CERTIFICACIONES Y ACTA DE LIQUIDACION | M71: CUMPLE | O71: CUMPLE | P71: CUMPLE | Q71: CUMPLE | R71: NO CUENTA CON DISCAPACITADOS EN LA NOMINA
D72: RUP 046 -JESUS GERMAN VILLEGAS ESTRADA CONTRATANTE MUNICIPIO DE RIOSUCIO | E72: 789.98 | I72: RUP 055 CONSTRUTOP INGENIERIA LTDA CONTRATANTE LAS GALIAS CONSTRUCTORA | J72: 374.02 | K72: =315+297+508+215+168 -> 1503
D73: RUP 050 CONSTRUTOP INGENIERIA LTDA. CONTRATANTE CONSTRUCTORA EL PROGRESO | E73: 286.45
D74: RUP 051 CONSTRUTOP INGENIERIA LTDA. CONTRATANTE CONSTRUCTORA EL PROGRESO | E74: 519.93
B75: 23 | C75: =+#REF! -> #REF! | D75: German Villanueva Calderón. RUP 80. EMPRESA DE SERVICIOS PUBLICOS DE SANTANDER SA EPS. 20% | E75: =462.73 -> 462.73 | F75: OK | G75: =SUM(E75:E77) -> 1388.194 | H75: CUMPLE | I75: German Villanueva Calderón. RUP 80. EMPRESA DE SERVICIOS PUBLICOS DE SANTANDER SA EPS. 20% | J75: =462.7 -> 462.7 | K75: =(1853.87+91.13+93.75)*0.2 -> 407.75 | M75: CUMPLE | O75: CUMPLE | P75: CUMPLE | Q75: CUMPLE | R75: CUMPLE
D76: Construsocial SAS. RUP 74. EMPRESA DE SERVICIOS PUBLICOS DE SANTANDER SA EPS. 40% | E76: =2313.66*0.4 -> 925.464 | F76: OK | I76: Construsocial SAS. RUP 74. EMPRESA DE SERVICIOS PUBLICOS DE SANTANDER SA EPS. 40% | J76: =925.46 -> 925.46 | K76: =(1853.87+91.13+93.75)*0.4 -> 815.5
B78: 24 | C78: =+#REF! -> #REF! | D78: CONECTA INGENIERIA SAS -RUP 131- EPM | E78: 16349.23 | F78: PARTICIPACION 100% | G78: 16349.23 | H78: CUMPLE | I78: =D78 -> CONECTA INGENIERIA SAS -RUP 131- EPM | J78: 16349.23 | K78: =2631.65+883.62+296.72+195.47+26.3+297.27+467.67+120.62+160.83+188+72+13 -> 5353.15 | L78: OK | M78: CUMPLE | O78: CUMPLE | P78: CUMPLE | Q78: CUMPLE | R78: NO CUMPLE (no certifica el número total de trabajadores vinculados a la planta) | S78: NO SE EVALUA POR NO CUMPLIR CON EL CERTIFICADO DEL NUMERO TOTAL DE TRABAJADORES | T78: NO SE EVALUA POR NO CUMPLIR CON EL CERTIFICADO DEL NUMERO TOTAL DE TRABAJADORES | U78: NO SE EVALUA POR NO CUMPLIR CON EL CERTIFICADO DEL NUMERO TOTAL DE TRABAJADORES | V78: NO SE EVALUA POR NO CUMPLIR CON EL CERTIFICADO DEL NUMERO TOTAL DE TRABAJADORES | W78: CERTIFICA EL PROPONENTE CONECTA INGENIERIA SAS QUE TIENE EL 10% DE PERSONAL CON DISCAPACIDAD PERO NO EL NUMERO DE TRABAJADORES
B81: 25 | C81: =+#REF! -> #REF! | D81: DEBE SUBSANAR LA PRESENTACIÓN DEL ANEXO 11. SIN ÉL NO ES POSIBLE VERIFICAR LA EXPERIENCIA GENERAL | M81: DEBE SUBSANAR LA PRESENTACIÓN DEL ANEXO 11. SIN ÉL NO ES POSIBLE VERIFICAR LA EXPERIENCIA ESPECÍFICA | N81: ANEXO 11. | O81: CUMPLE | P81: CUMPLE | Q81: CUMPLE | R81: NO CUMPLE (no certifica el número total de trabajadores vinculados a la planta)
B84: 26 | C84: =+#REF! -> #REF! | D84: RUP 36 PLAN MAESTRO DE ALCANTARILLADO FASE II. CONSTRUCCIÓN INTERCEPTORES MUNICIPIO DE TUNJA - CARLOS JULIO RIVERA CORREAL | E84: 2754.13 | F84: OK | G84: =SUM(E84:E86) -> 5637.55 | H84: CUMPLE | I84: RUP 36 PLAN MAESTRO DE ALCANTARILLADO FASE II. CONSTRUCCIÓN INTERCEPTORES MUNICIPIO DE TUNJA - CARLOS JULIO RIVERA CORREAL | J84: 2754.13 | L84: APORTA CERTIFICACION, FALTA APORTAR ACTA DE LIQUIDACION DONDE SE VERIFIQUE CANTIDADES EJECUTADAS RUP 36 | M84: SUBSANAR | N84: FALTA APORTAR ACTA DE LIQUIDACION DONDE SE VERIFIQUE CANTIDADES EJECUTADAS RUP 36 | O84: CUMPLE | P84: CUMPLE | Q84: CUMPLE | R84: NO CUMPLE( En el certificado no crtifica el numero total de trabajadores vinculados a la planta)
D85: RUP 37 PLAN MAESTRO DE ALCANTARILLADO FASE II. ACUDUCTO Y ALCANTARILLADO DE BOGOTA- CARLOS JULIO RIVERA CORREAL | E85: =2636.74*0.5 -> 1318.37 | F85: OK | I85: RUP 37 PLAN MAESTRO DE ALCANTARILLADO FASE II. ACUDUCTO Y ALCANTARILLADO DE BOGOTA- CARLOS JULIO RIVERA CORREAL | J85: =2636.74*0.5 -> 1318.37 | K85: =(1143.94+895.16+201.58+14.25+347.98+198.4+420.1+208.7+563.7+27.4)*0.5 -> 2010.605 | L85: APORTA CERTIFICACION FALTA APORTAR ACTA DE LIQUIDACION CONTRATO RUP 37 | N85: FALTA APORTAR ACTA DE LIQUIDACION CONTRATO RUP 37
D86: RUP 42 MEJORAMIENTO DEL SISTEMA DE ALCANTARILLADO CENTRO URBANO DEL MUNICIPIO DE SUPATÁ - PROYECTOS DE INGENIERIA CIVIL Y AMBIENTAL S.A.S | E86: 1565.05 | F86: OK | I86: RUP 42 MEJORAMIENTO DEL SISTEMA DE ALCANTARILLADO CENTRO URBANO DEL MUNICIPIO DE SUPATÁ - PROYECTOS DE INGENIERIA CIVIL Y AMBIENTAL S.A.S | J86: 1565.05 | L86: APORTA ACTA DE LIQUIDACION Y RECIBO DE OBRA, FALTA APORTAR CERTIFICACION EXPEDIDA POR EL ENTIDAD CONTRATANTE CONTRATO RUP 42 NO SE PUEDE VERIFICAR LA CANTIDAD DE TUBERIA DE 250 MM INSTALADA | N86: FALTA APORTAR CERTIFICACION EXPEDIDA POR EL ENTIDAD CONTRATANTE CONTRATO RUP 42
B87: 27 | C87: =+#REF! -> #REF! | D87: CONSTRUCTORA ANCLA -RUP 002 -UNION TEMPORAL VIAS DEL SUR- CONTRATANTE MUNICIPIO DE VALLE DEL GAMUEZ | E87: 6704.31 | F87: PARTICIPACION 95% | G87: =E87+E87 -> 13408.62 | H87: CUMPLE | I87: CONSTRUCCIÓN ALCANTARILLADO SANITARIO VARIANTE MOCOA - SAN FRANCISCO; DE LA ESMERALDA AL KM 0+000 (LA CÁRCEL) Y AL KM 0+700 DEL MUNICIPIO DE MOCOA PUTUMAYO - ETAPA I.- CONSECUTIVO EN EL RUP 21 | J87: 2039.79 | K87: =449.94+299.63+663.12 -> 1412.69 | L87: PRESENTA ACTA DE LIQUIDACION Y ACTA DE RECIBO | M87: CUMPLE | O87: CUMPLE | P87: CUMPLE | Q87: CUMPLE | R87: CUMPLE | S87: CONSTRUCTORA ANCLA | T87: CUMPLE | U87: CUMPLE | V87: CUMPLE
D88: CONSTRUCTORA ANCLA - RUP 003 - CONTRATANTE ESMOCOA ESP | E88: 3255.58 | F88: 1
C94: CARLOS ANDRÉS CUNDUMI RAMÍREZ | J94: YESICA PAOLA JARAMILLO | L94: ANYELA PATRICIA QUINTERO ZULUAGA | O94: YESICA PAOLA JARAMILLO VILLA
C95: Profesional Especializado Secretaría de vivienda y territorio | J95: Contratista PDA de Caldas | L95: Profesional Especializado Secretaría de vivienda y territorio | O95: Contratista PDA de Caldas
C100: JOSE NICOLÁS RUIZ NOREÑA | L100: ALEJANDRO MARULANDA AGUIRRE
C101: Ingeniero contratista PDA de Caldas | L101: Ingeniero contratista PDA de Caldas

Sheet Hoja 5
A1: Lista de artículos
A2: Nivel | B2: Ref. Artículo | C2: Código UNSPSC | D2: Descripción | E2: Cantidad | F2: Unidad | G2: Precio unitario estimado | H2: Precio total estimado | I2: Comentarios del comprador
A3: 0 | B3: 1 | C3: 72141120 | D3: Localización y replanteo de la obra | E3: 1269 | F3: ML | G3: 10.000,00 COP | H3: 12690000
A4: 0 | B4: 2 | C4: 72141120 | D4: Corte con disco abrasivo | E4: 129.5 | F4: ML | G4: 7.500,00 COP | H4: 971.250,00 COP
A5: 0 | B5: 3 | C5: 72141120 | D5: Demolición pavimento (0,15m) | E5: 64.8 | F5: ML | G5: 85.000,00 COP | H5: 5.508.000,00 COP
A6: 0 | B6: 4 | C6: 72141120 | D6: Excavación en terreno común manual 0 a 2 m | E6: 959.4 | F6: M3 | G6: 23.000,00 COP | H6: 22.066.200,00 COP
A7: 0 | B7: 5 | C7: 72141120 | D7: Excavación en Zanja - Mat común/Conglom Mecánica 2.0 a 8.00 m | E7: 3837.8 | F7: M3 | G7: 10.355,00 COP | H7: 39.740.419,00 COP
A8: 0 | B8: 6 | C8: 72141120 | D8: Cargue, Retiro y disposición de Material sobrante de las excavaciones (hasta 20 km) | E8: 690.1 | F8: M3 | G8: 28.000,00 COP | H8: 19.322.800,00 COP
A9: 0 | B9: 7 | C9: 72141120 | D9: Instalacion Tubería pvc alcantarillado 250 mm (10") | E9: 50 | F9: ML | G9: 13.236,00 COP | H9: 661.800,00 COP
A10: 0 | B10: 8 | C10: 72141120 | D10: Instalacion Tubería pvc alcantarillado315 mm (12") | E10: 1219 | F10: ML | G10: 17.631,00 COP | H10: 21.492.189,00 COP
A11: 0 | B11: 9 | C11: 72141120 | D11: Encamado espesor de 0,15 m (ver plano 41 dis detalles constructivos) | E11: 28.14 | F11: M3 | G11: 90.000,00 COP | H11: 2.532.600,00 COP
A12: 0 | B12: 10 | C12: 72141120 | D12: Relleno con material seleccionado de excavación | E12: 4107.1 | F12: M3 | G12: 18.000,00 COP | H12: 73.927.800,00 COP
A13: 0 | B13: 11 | C13: 72141120 | D13: Relleno en material afirmado (95% densidad de compactacion) | E13: 720 | F13: M3 | G13: 96.032,00 COP | H13: 69.143.040,00 COP
A14: 0 | B14: 12 | C14: 72141120 | D14: Concreto Pavimento 4.000 P.S.I. | E14: 7.8 | F14: M3 | G14: 851.837,00 COP | H14: 6.644.328,60 COP
A15: 0 | B15: 13 | C15: 72141120 | D15: Suministro e Instalación Tapa Hierro Ductil | E15: 37 | F15: UN | G15: 690.125,00 COP | H15: 25.534.625,00 COP
... A22: 0 | B22: 20 | C22: 72141120 | D22: AIU | E22: 0.38 | F22: UN | G22: 708.919.689,60 COP | H22: 269.389.482,05 COP

Sheet Presupuesto
E1: PRESUPUESTO OFICIAL
A2: ITEM | B2: ACTIVIDADES | C2: UNIDAD | D2: CANT | E2: VR. | F2: VR.
E3: UNITARIO | F3: TOTAL
B4: Localización y replanteo de la obra | C4: ML | D4: 1269 | E4: 10000 | F4: =E4*D4 -> 12690000
B5: Corte con disco abrasivo | C5: ML | D5: 129.5 | E5: 7500 | F5: =E5*D5 -> 971250
B6: Demolición pavimento (0,15m) | C6: ML | D6: 64.8 | E6: 85000 | F6: =E6*D6 -> 5508000
B7: Excavación en terreno común manual 0 a 2 m | C7: M3 | D7: 959.4 | E7: 23000 | F7: =E7*D7 -> 22066200
B8: Excavación en Zanja - Mat común/Conglom Mecánica 2.0 a 8.00 m | C8: M3 | D8: 3837.8 | E8: 10355 | F8: =E8*D8 -> 39740419
B9: Cargue, Retiro y disposición de Material sobrante de las excavaciones (hasta 20 km) | C9: M3 | D9: 690.1 | E9: 28000 | F9: =E9*D9 -> 19322800
B10: Instalacion Tubería pvc alcantarillado 250 mm (10") | C10: ML | D10: 50 | E10: 13236 | F10: =E10*D10 -> 661800
B11: Instalacion Tubería pvc alcantarillado315 mm (12") | C11: ML | D11: 1219 | E11: 17631 | F11: =E11*D11 -> 21492189
B12: Encamado espesor de 0,15 m (ver plano 41 dis detalles constructivos) | C12: M3 | D12: 28.14 | E12: 90000 | F12: =E12*D12 -> 2532600
B13: Relleno con material seleccionado de excavación | C13: M3 | D13: 4107.1 | E13: 18000 | F13: =E13*D13 -> 73927800
B14: Relleno en material afirmado (95% densidad de compactacion) | C14: M3 | D14: 720 | E14: 96032 | F14: =E14*D14 -> 69143040
B15: Concreto Pavimento 4.000 P.S.I. | C15: M3 | D15: 7.8 | E15: 851837 | F15: =E15*D15 -> 6644328.6
... B22: Cabezal de entrega, concreto 3000 psi, (Incluye tuberia de 12" sanitaria para descole) | C22: UN | D22: 1 | E22: 964138 | F22: =E22*D22 -> 964138
A23: TOTAL COSTOS DIRECTOS | F23: =SUM(F4:F22) -> 7.0891969e+08
A24: ADMINISTRACION | D24: 0.31 | E24: =F23 -> 7.0891969e+08 | F24: =E24*D24 -> 2.197651e+08
A25: IMPREVISTOS | E25: =E24 -> 7.0891969e+08 | F25: =E25*D25 -> 0
A26: UTILIDAD | D26: 0.05 | E26: =E25 -> 7.0891969e+08 | F26: =E26*D26 -> 35445984
A27: TOTAL OBRA + AIU | F27: =SUM(F23:F26) -> 9.6413078e+08

Sheet Evaluación
A1: GOBERNACION DE CALDAS
A2: SECRETARÍA DE VIVIENDA Y TERRITORIO
A3: =Proponentes!A3 -> PROCESO DE SELECCIÓN MC-007-2024
A5: EVALUACIÓN
A7: TRM
A8: FORMULA
A10: Proponente | B10: Nombre | C10: Presupuesto | E10: Puntaje
B11: Nombre | C11: Inicial | D11: Corregido | E11: Factor económico | F11: Factor de calidad | G11: Apoyo de industrial nacional | H11: Personal con discapacidad | I11: Valor total
A12: 1 | B12: =Proponentes!B12 -> GOMPRO INGENIERIA SAS | C12: 1000000000 | D12: 1001000000 | E12: =IF(D12<$D$43,600*(1-(($D$43-D12)/$D$43)),600*(1-(2*((ABS($D$43-D12))/$D$43)))) -> 600 | F12: 0 | G12: 100 | H12: 0 | I12: =SUM(E12:H12) -> 700
A13: =A12+1 -> 2 | B13: =Proponentes!#REF! -> #REF!
A14: =A13+1 -> 3 | B14: =#REF! -> #REF!
A15: =A14+1 -> 4 | B15: =#REF! -> #REF!
A16: =A15+1 -> 5 | B16: =#REF! -> #REF!
A17: =A16+1 -> 6 | B17: =#REF! -> #REF!
A18: =A17+1 -> 7 | B18: =#REF! -> #REF!
A19: =A18+1 -> 8 | B19: =#REF! -> #REF!
A20: =A19+1 -> 9 | B20: =#REF! -> #REF!
A21: =A20+1 -> 10 | B21: =#REF! -> #REF!
A22: =A21+1 -> 11 | B22: =#REF! -> #REF!
A23: =A22+1 -> 12 | B23: =#REF! -> #REF!
A24: =A23+1 -> 13 | B24: =#REF! -> #REF!
A25: =A24+1 -> 14 | B25: =#REF! -> #REF!
... A38: =A37+1 -> 27 | B38: =#REF! -> #REF!
A41: Promedio | D41: =AVERAGE(D12:D38) -> 1001000000
A42: Valor máximo | D42: =MAX(D12:D38) -> 1001000000
A43: Media aritmética alta | D43: =(D42+D41)/2 -> 1001000000
A44: Presupuesto oficial | D44: 1101899250
